 Dungeon Crawl Stone Soup version 0.28-a0-969-g2dcde036d2 (webtiles) character file.

Game seed: 10047558506168417822

10676 HessuHobo the Fighter (level 11, -1/99 HPs)
             Began as a Purple Draconian Fighter on Dec 1, 2021.
             Was a Priest of Makhleb.
             Shot with an arrow by a centaur warrior (19 damage)
             ... on level 11 of the Dungeon.
             The game lasted 00:38:44 (18681 turns).

HessuHobo the Fighter (Purple Draconian Fighter)   Turns: 18681, Time: 00:38:44

Health: -1/99      AC: 11    Str: 23    XL:     11   Next: 39%
Magic:  15/15      EV: 14    Int:  9    God:    Makhleb [***...]
Gold:   1114       SH:  0    Dex: 10    Spells: 10/10 levels left

rFire   . . .      SeeInvis .   P - +1 dire flail (holy)
rCold   . . .      Faith    .   (shield currently unavailable)
rNeg    . . .      Spirit   .   (armour unavailable)
rPois   +          Reflect  .   (helmet restricted)
rElec   .          Harm     .   I - +0 cloak
rCorr   .          Rampage  .   d - +0 pair of gloves
Will    ++...                   t - +1 pair of boots
Stlth   +.........              (no amulet)
HPRegen 0.26/turn               n - ring of willpower
MPRegen 0.14/turn               H - ring of poison resistance

@: hasted, very quick
A: breathe power, AC +7, unfitting armour, cold-blooded
a: Breathe Dispelling Energy, Renounce Religion, Minor Destruction, Lesser
Servant of Makhleb


You were on level 11 of the Dungeon.
You worshipped Makhleb.
Makhleb was most pleased with you.
You visited 2 branches of the dungeon, and saw 12 of its levels.

You collected 1114 gold pieces.

Inventory:

Hand Weapons
 a - a +0 war axe
 m - a +2 whip of flaming
 q - a +1 dagger of venom
 r - a +1 antimagic hand axe
 J - the +6 broad axe of Awa Cupe {vorpal, Dex+4}
   (You took it off a crimson imp on level 8 of the Dungeon)

   It inflicts extra damage upon your enemies.
   Dex:       It affects your dexterity (+4).
 P - a +1 dire flail of holy wrath (weapon)
Missiles
 c - 3 throwing nets (quivered)
Armour
 b - a +0 buckler
 d - a +0 pair of gloves (worn)
 t - a +1 pair of boots (worn)
 I - a +0 cloak (worn)
Magical Staves
 g - a staff of cold
 E - a staff of conjuration
Jewellery
 n - a ring of willpower (left hand)
 H - a ring of poison resistance (right hand)
 K - a ring of see invisible
 M - a ring of protection from cold
Wands
 y - a wand of iceblast (5)
 D - a wand of mindburst (3)
 G - a wand of flame (13)
Scrolls
 e - a scroll of vulnerability {unknown}
 f - 5 scrolls of magic mapping
 h - 3 scrolls of fear
 j - 2 scrolls of noise
 k - 3 scrolls of enchant weapon {unknown}
 s - a scroll of amnesia
 w - 3 scrolls of enchant armour {unknown}
 x - 2 scrolls of immolation {unknown}
 z - a scroll of holy word {unknown}
 B - a scroll of summoning {unknown}
 C - a scroll of brand weapon {unknown}
Potions
 i - a potion of brilliance {unknown}
 l - a potion of attraction
 o - 3 potions of haste
 u - a potion of berserk rage {unknown}
 A - 2 potions of curing
 F - 2 potions of ambrosia
 L - a potion of resistance {unknown}
 O - 4 potions of mutation


   Skills:
 + Level 10.0 Fighting
 - Level 2.0(5.2) Axes
 + Level 7.7(7.8) Maces & Flails
 + Level 7.7 Dodging
 + Level 9.1 Shields
 + Level 5.6 Invocations
 + Level 6.3 Evocations


You had 10 spell levels left.
You didn't know any spells.
Your spell library contained the following spells:

 Spells                   Type           Power      Damage    Failure   Level
 Summon Small Mammal      Summ           0%         N/A       38%         1
 Call Canine Familiar     Summ           0%         N/A       77%         3
 Summon Guardian Golem    Hex/Summ       0%         N/A       77%         3


Dungeon Overview and Level Annotations

Branches:
Dungeon (11/15)            Temple (1/1) D:5            Lair (0/6) D:8
    Orc: D:9-12

Altars:
Ashenzari
Cheibriados
Dithmenos
Elyvilon
Fedhas
Gozag
Hepliaklqana
Kikubaaqudgha
Makhleb
Nemelex Xobeh
Okawaru
Qazlal
Ru
Sif Muna
Uskayaw
Vehumet
Wu Jian
Xom
Yredelemnul
Zin
The Shining One

Shops:
D:1 (

Annotations:
D:4 4 exclusions, Sigmund
D:9 1 exclusion
D:11 1 exclusion


Innate Abilities, Weirdness & Mutations

You can breathe bolts of dispelling energy.
Your rich purple scales are hard. (AC +7)
You cannot fit into any form of body armour.
You are cold-blooded and may be slowed by cold attacks.


Message History

The troll claws you.
You bludgeon the troll!!
The troll is almost dead.
The troll completely misses you. The troll claws you! The troll misses you.
You hit the troll.
The troll is almost dead.
The troll closely misses you. The troll claws you but does no damage.
The troll claws you.
You closely miss the troll.
The troll is almost dead.
The troll barely misses you. The troll claws you but does no damage.
The troll claws you!
You sock the troll!
You kill the troll!
Makhleb accepts your kill.
You feel better.
Your Fighting skill increases to level 10!
You start resting.
HP restored.
Found 18 gold pieces.
o - 4 potions of haste (gained 1)
You now have 1114 gold pieces (gained 18).
A centaur warrior comes into view.
The centaur warrior shouts!
The centaur warrior wields a +0 longbow.
The centaur warrior shoots an arrow.
The arrow hits you!
Aiming: Mindburst
Press: ? - help, Shift-Dir - straight line, f - centaur warrior
Aim: a centaur warrior, wielding a +0 longbow and quivering arrows (chance to affect: 73%)
The centaur warrior's mind is blasted!!
The centaur warrior shoots an arrow.
The arrow hits you!!
The centaur warrior shoots an arrow.
The arrow hits you!
The centaur warrior shoots an arrow.
The arrow hits you!!
* * * LOW HITPOINT WARNING * * *
Okay, then.
As you read the scroll of fog, it crumbles to dust.
The scroll dissolves into smoke.
You feel yourself speed up.
The centaur warrior shoots an arrow.
The arrow hits you!!
You die...

#........# #....#
#........# #....#
#......c.# #....+
#........# +....#
#....c...####....####
#.§.§# #...........
#..§c# #...........
#.§§§# #...........
#.§§@# #...........
#.§§§# #...........
#.§§§#####...........
#...........#+###....
#...........# ##+#
#...........#
#...........#
#..............
#####...........


You could see a centaur warrior.

Vanquished Creatures
  4 two-headed ogres
  Pikel (D:7)
  A gargoyle (D:10)
  2 trolls
  Prince Ribbit (D:6)
  4 yaks
  5 wyverns
  Grum (D:8)
  A basilisk (D:7)
  6 orc warriors
  An ice beast (D:7)
  2 sky beasts (D:6)
  3 black bears
  2 wolves
  3 ogres
  2 centaurs
  4 kobold brigands
  4 lemures (D:6)
  7 scorpions
  5 bullfrogs
  A water moccasin zombie (D:5)
  A wyvern skeleton (D:7)
  16 killer bees
  4 wights (D:9)
  2 howler monkeys (D:7)
  6 crimson imps
  2 bullfrog zombies
  A centaur zombie (D:8)
  2 hounds
  A jelly (D:8)
  A bullfrog skeleton (D:7)
  7 orc priests
  Crazy Yiuf (D:5)
  2 gnoll shamans
  Ijyb (D:5)
  An iguana (D:7)
  8 orc wizards
  A killer bee zombie (D:6)
  3 howler monkey zombies
  13 gnolls
  2 howler monkey skeletons
  7 adders
  2 shadow imps
  4 white imps
  4 ufetubi
  An adder skeleton (D:5)
  4 worms
  2 dart slugs
  17 orcs
  4 endoplasms
  3 giant cockroaches (D:1)
  16 goblins
  7 hobgoblins
  3 jackals (D:1)
  25 kobolds
  A quokka (D:1)
  2 ball pythons
  6 bats
  A frilled lizard (D:1)
  6 rats
250 creatures vanquished.

Vanquished Creatures (collateral kills)
  An acid dragon (D:10)
  3 killer bees (D:9)
  A wight (D:9)
5 creatures vanquished.

Vanquished Creatures (others)
  A fungus (D:8)
  2 plants (D:3)
  6 withered plants (D:3)
9 creatures vanquished.

Grand Total: 264 creatures vanquished

Notes
Turn   | Place    | Note
-------+----------+-------------------------------------------
     0 | D:1      | HessuHobo the Draconian Fighter began the quest for the
                  | Orb.
     0 | D:1      | Reached XP level 1. HP: 19/19 MP: 1/1
    63 | D:1      | Found Areyts's Weapon Shop.
   619 | D:1      | Reached XP level 2. HP: 26/26 MP: 2/2
  1051 | D:1      | Reached skill level 4 in Fighting
  1170 | D:1      | Reached XP level 3. HP: 33/33 MP: 3/3
  2072 | D:2      | Noticed an ogre
  2080 | D:2      | Killed an ogre
  2081 | D:2      | Reached skill level 5 in Fighting
  2081 | D:2      | Reached XP level 4. HP: 26/42 MP: 4/4
  2086 | D:2      | Reached XP level 5. HP: 31/48 MP: 5/5
  3316 | D:3      | Reached skill level 1 in Maces & Flails
  3620 | D:3      | HP: 2/48 [scorpion (6)]
  3623 | D:3      | Reached XP level 6. HP: 3/56 MP: 6/6
  4110 | D:3      | Found a faded altar of an unknown god.
  4416 | D:3      | Found an ancient bone altar of Kikubaaqudgha.
  4416 | D:3      | Found a blossoming altar of Fedhas.
  4640 | D:4      | Noticed Sigmund
  4728 | D:3      | Reached skill level 5 in Shields
  4777 | D:5      | Entered Level 5 of the Dungeon
  5148 | D:5      | Your scales start taking on a rich purple colour.
  5148 | D:5      | Reached XP level 7. HP: 32/62 MP: 7/7
  5444 | D:5      | Noticed Ijyb
  5466 | D:5      | Killed Ijyb
  5520 | D:5      | Reached skill level 6 in Fighting
  5674 | D:5      | Reached skill level 1 in Evocations
  6587 | D:5      | Found a staircase to the Ecumenical Temple.
  6596 | Temple   | Entered the Ecumenical Temple
  6738 | Temple   | Became a worshipper of Makhleb the Destroyer
  6836 | D:5      | Found a runed translucent door.
  6837 | D:5      | Noticed Crazy Yiuf
  7621 | D:5      | Killed Crazy Yiuf
  7622 | D:5      | Reached XP level 8. HP: 59/71 MP: 8/8
  7734 | D:6      | Found an opulent altar of Gozag.
  7735 | D:6      | Found a hide-covered altar of Uskayaw.
  8118 | D:6      | Noticed Prince Ribbit
  8120 | D:7      | Noticed Pikel
  8791 | D:8      | Identified the +6 broad axe of Awa Cupe {vorpal, Dex+4}
  8833 | D:8      | Reached skill level 7 in Fighting
  9309 | D:6      | Reached * piety under Makhleb
  9323 | D:6      | Reached skill level 5 in Dodging
  9697 | D:7      | Reached XP level 9. HP: 39/79 MP: 9/9
 10140 | D:8      | Reached skill level 5 in Maces & Flails
 10348 | D:8      | Found a staircase to the Lair.
 10356 | D:8      | Noticed Grum
 10375 | D:8      | Killed Grum
 10669 | D:6      | Reached skill level 8 in Fighting
 10669 | D:6      | Reached skill level 5 in Evocations
 10737 | D:6      | Reached ** piety under Makhleb
 10943 | D:6      | Killed Prince Ribbit
 11173 | D:6      | Reached skill level 1 in Invocations
 11916 | D:7      | Killed Pikel
 12456 | D:7      | Noticed a two-headed ogre
 12464 | D:7      | Killed a two-headed ogre
 12465 | D:7      | Reached XP level 10. HP: 90/90 MP: 10/12
 13237 | D:7      | Reached skill level 9 in Fighting
 13945 | D:8      | Reached *** piety under Makhleb
 14011 | D:8      | Found a stormy altar of Qazlal.
 14020 | D:8      | Found a broken altar of Ashenzari.
 14064 | D:8      | Found a sacrificial altar of Ru.
 15695 | D:9      | Noticed a two-headed ogre
 15711 | D:9      | Killed a two-headed ogre
 16035 | D:9      | Reached XP level 11. HP: 81/96 MP: 14/14
 16451 | D:10     | Entered Level 10 of the Dungeon
 16778 | D:10     | Found a glowing golden altar of the Shining One.
 16792 | D:10     | Noticed a two-headed ogre
 16804 | D:10     | Killed a two-headed ogre
 16805 | D:10     | Reached skill level 5 in Invocations
 17206 | D:10     | Noticed a two-headed ogre
 17215 | D:10     | Killed a two-headed ogre
 18487 | D:11     | Reached skill level 10 in Fighting
 18674 | D:11     | Noticed a centaur warrior
 18681 | D:11     | Shot with an arrow by a centaur warrior

Illustrated notes

Levels and vault maps discovered:
D:1:      amcnicky_arrival_blooded_trapdoor, layout_loops_cross, serial_shops,
          nicolae_shop_bloodbath_and_beyond, minmay_misc_feat_pillars,
          chequers_serial_rivers_micro_e, minmay_pentomino_o4
D:2:      layout_rooms, chequers_avenue, hangedman_glass_teeth
D:3:      layout_basic, grunt_temple_overflow_growth_and_decay,
          shapermc_ecumenical_altar_mp_vishouse, kennysheep_generic_room_8
D:4:      layout_rooms, trog_three_pillars_becter, st_stairs_7,
          chequers_decorated_corner, serial_park_tiny_pond, uniq_duvessa,
          uniq_edmund, uniq_sigmund
D:5:      layout_basic, minmay_temple_entry_junction, minmay_pentangle,
          uniq_crazy_yiuf_cottage, uniq_ijyb
D:6:      layout_loops_ring, gammafunk_temple_overflow_pools,
          grunt_ministairs_12, chequers_serial_rivers_marsh, uniq_prince_ribbit1
D:7:      minmay_polygon_palace, layout_basic, grunt_ministairs_2,
          kennysheep_generic_room_9, uniq_pikel
D:8:      layout_loops_cross, nicolae_ru_the_path_less_chosen,
          mainiacjoe_overflow_swirl, david_lair_generic, minmay_nine_imps,
          uniq_grum
D:9:      minmay_the_grid_octo_triangle [minmay_the_grid_octo_checkered,
          minmay_the_grid_octo_prize_single_spiral,
          minmay_the_grid_octo_odd_swirl], layout_cave_pools, eino_jars
D:10:     layout_grid_maze, kennysheep_mini
D:11:     layout_gridville, kennysheep_generic_room_3, uniq_harold
Temple:   dshaligram_water_room_temple

Skill      XL: |  1  2  3  4  5  6  7  8  9 10 11 |
---------------+----------------------------------+-----
Fighting       | 4 5 6 7 8 9 10 | 10.0
Shields        | 4 5 6 7 8 9 |  9.1
Dodging        | 3 4 5 6 7 |  7.7
Maces & Flails | 1 2 3 4 6 7 |  7.7
Evocations     | 2 4 5 6 |  6.3
Invocations    | 2 4 5 |  5.6
Axes           | |  2.0

Action                   |  1- 3 |  4- 6 |  7- 9 | 10-12 || total
-------------------------+-------+-------+-------+-------++-------
Melee: War axe           |    90 |     4 |       |   103 ||   197
       Tailslap          |    15 |    23 |    77 |    53 ||   168
       Whip              |       |   134 |   572 |   223 ||   929
       Dire flail        |       |       |       |    57 ||    57
Invok: Minor Destruction |       |       |       |     8 ||     8
       Lesser Servant of |       |       |       |     5 ||     5
 Abil: Breathe Dispellin |       |       |    10 |    10 ||    20
Evoke: Wand              |       |       |     6 |    13 ||    19
  Use: Potion            |     1 |     1 |     6 |     3 ||    11
       Scroll            |       |     1 |     9 |     4 ||    14
Armor: Skin              |    39 |    42 |   151 |   156 ||   388
Dodge: Dodged            |    79 |    70 |   334 |   323 ||   806
Block: Buckler           |    21 |    22 |   118 |    88 ||   249

Table legend: (Time is in decaauts)
 A = Elapsed time spent in this place.
 B = Non-inter-level travel time spent in this place.
 C = Inter-level travel time spent in this place.
 D = Time resting spent in this place.
 E = Time spent auto-exploring this place.
 F = Levels seen in this place.
 G = Mean time per level.
                   A        B        C        D        E       F      G
               +--------+--------+--------+--------+--------+-----+--------+
         Total |  18616 |  18301 |    315 |  10336 |   4599 |  12 | 1551.3 |
       Dungeon |  18464 |  18149 |    315 |  10336 |   4499 |  11 | 1678.5 |
        Temple |    151 |    151 |      0 |      0 |    100 |   1 |  151.0 |
               +--------+--------+--------+--------+--------+-----+--------+

Top non-repeatable levels by time:
     D:5: 2909 daAuts
     D:7: 2399 daAuts
     D:9: 2356 daAuts
     D:6: 2193 daAuts
    D:10: 1972 daAuts
     D:3: 1894 daAuts
     D:1: 1616 daAuts
     D:8: 1553 daAuts
     D:2: 1105 daAuts
    D:11: 252 daAuts
     D:4: 209 daAuts
  Temple: 151 daAuts
